 Dungeon Crawl Stone Soup version 0.32-a0-913-g739538afd8 (webtiles) character file.

Game seed: 7587440241221790149

945 ezpacito the Chopper (level 8, -1/61 HPs)
             Began as a Coglin Chaos Knight on Apr 9, 2024.
             Was a Plaything of Xom.
             Slain by an adder (2 damage)
             ... on level 5 of the Dungeon.
             The game lasted 00:05:57 (3873 turns).

ezpacito the Chopper (Coglin Chaos Knight)          Turns: 3873, Time: 00:05:58

Health: -1/61      AC:  7    Str: 14    XL:     8   Next: 13%
Magic:  10/10      EV: 11    Int: 12    God:    Xom [.....*]
Gold:   269        SH:  0    Dex: 14    Spells: 10/10 levels left

rFire   . . .        a - +0 hand axe (chaos) {Astrid}
rCold   . . .        h - +1 flail (venom) {Jabu}
rNeg    . . .        b - +2 leather armour
rPois   .            (no helmet)
rElec   .            j - scarf {harm}
rCorr   .            l - +0 pair of gloves
SInv    .            f - +0 pair of boots
Will    +....        (amulet unavailable)
Stlth   ++           (ring unavailable)
HPRegen 0.30/turn    (ring unavailable)
MPRegen 0.12/turn    (no gizmo)

%: harm (+30% outgoing, +20% incoming)
@: attractive, enlightened, flying (expiring), revved
A: off-hand wielding, slow wielding, warmup strikes, no jewellery
a: Invent Gizmo, Renounce Religion


You were on level 5 of the Dungeon.
You worshipped Xom.
You were Xom's teddy bear.
You visited 1 branch of the dungeon, and saw 5 of its levels.

You collected 269 gold pieces.

Inventory:

Hand Weapons
 a - a +0 hand axe of chaos (weapon) {Astrid}
 h - a +1 flail of venom (offhand) {Jabu}
 s - a +0 trident
Missiles
 e - 3 throwing nets
 n - 9 poisoned darts (quivered)
 u - 3 curare-tipped darts
Armour
 b - a +2 leather armour (worn)
 f - a +0 pair of boots (worn)
 j - a scarf of harm (worn)
 l - a +0 pair of gloves (worn)
Magical Staves
 m - a staff of cold
Wands
 k - a wand of flame (21)
Scrolls
 c - 3 scrolls of vulnerability {unknown}
 d - a scroll of identify {unknown}
 i - a scroll of poison {unknown}
 o - a scroll of torment {unknown}
 p - 2 scrolls of fog {unknown}
 r - a scroll of silence {unknown}


   Skills:
 * Level 4.7 Fighting
 * Level 4.7(5.2) Axes
 * Level 3.0(4.1) Polearms
 * Level 3.7 Armour
 * Level 3.1 Dodging
 + Level 2.0 Stealth
 + Level 1.7 Spellcasting
 + Level 1.9 Evocations


You had 10 spell levels left.
You didn't know any spells.
Your spell library was empty.

Dungeon Overview and Level Annotations

Branches:
Dungeon (5/15)             Temple (0/1) D:5

Altars:
Nemelex Xobeh
Qazlal
Yredelemnul


Innate Abilities, Weirdness & Mutations

You can wield a second weapon in your off-hand.
It takes a long time for you to wield or remove held weapons.
Your first few attacks do less damage.
You cannot equip rings or amulets.


Message History

You drain the bombardier beetle.
The bombardier beetle is almost dead.
You hit the adder with your +0 hand axe of chaos.
You hit the bombardier beetle with your +1 flail of venom.
You kill the bombardier beetle!
You feel sick. The adder barely misses you. The adder closely misses you.
You take 1 damage, and have 8/61 hp.
You closely miss the adder with your +1 flail of venom.
The adder is almost dead.
You hit the adder with your +0 hand axe of chaos.
You kill the adder!
You feel sick.
Your base Polearms skill increases to level 3!
You take 1 damage, and have 7/61 hp. 2 adders and a bombardier beetle come into view.
You feel sick.
The adder hisses angrily.
The bombardier beetle is attracted toward you.
The adder is attracted toward you. x2
You see here an adder corpse.
You take 1 damage, and have 6/61 hp.
The adder hisses angrily.
You sock the bombardier beetle with your +1 flail of venom!
The bombardier beetle is poisoned.
The bombardier beetle is severely wounded.
You hit the bombardier beetle with your +0 hand axe of chaos.
You are starting to lose your buoyancy.
You feel sick.
The bombardier beetle closely misses you.
The adder is attracted toward you.
You take 1 damage, and have 5/61 hp.
You hit the bombardier beetle with your +1 flail of venom.
You kill the bombardier beetle!
You barely miss the adder with your +0 hand axe of chaos.
You feel sick.
You are no longer poisoned.
The adder bites you.
* * * LOW HITPOINT WARNING * * *
The adder bites you.
You die...

######.###.#.#≈_>§#.#######
.........#.#.#≈..≈#...#####
####.....#.#.#≈≈≈≈#........
...#.###.#.#.##''##....###.
.#.#.# #...#..........##
.#.#.####..##.##.......#
................#..........
####.........#..#....#..>..
# ############S@...###....
#§S##..# ..## # ..§§.##..#
## ### #..§...#..## ...
.....§.# #. ... ........
.#. #......# ## .#..S.. #


You could see 2 adders.

Vanquished Creatures
  Grinder (D:3)
  A water moccasin (D:5)
  A scorpion (D:4)
  3 bombardier beetles (D:5)
  4 hounds
  An orc priest (D:5)
  2 orc wizards (D:5)
  10 gnolls
  9 adders
  A ribbon worm (D:3)
  5 dart slugs
  4 orcs
  3 bats (D:2)
  8 endoplasms
  13 giant cockroaches
  4 goblins
  6 hobgoblins
  6 jackals
  4 kobolds
  6 quokkas
  7 ball pythons
  3 frilled lizards
  2 rats
104 creatures vanquished.

Vanquished Creatures (collateral kills)
  3 gnolls
  An endoplasm (D:4)
4 creatures vanquished.

Grand Total: 108 creatures vanquished

Notes
Turn   | Place    | Note
-------+----------+-------------------------------------------
     0 | D:1      | ezpacito the Coglin Chaos Knight began the quest for the
                  | Orb.
     0 | D:1      | Reached XP level 1. HP: 18/18 MP: 1/1
    22 | D:1      | XOM: smoke on damage
    52 | D:1      | Reached skill level 1 in Dodging
    83 | D:1      | Reached XP level 2. HP: 24/24 MP: 2/2
   335 | D:1      | Reached XP level 3. HP: 29/29 MP: 3/3
   452 | D:1      | XOM: divination: magic mapping
   600 | D:1      | XOM: silly message
   602 | D:1      | XOM: silly message
   725 | D:1      | XOM: silly message
   890 | D:2      | You fall into a shaft and drop 2 floors!
   890 | D:4      | Found a sparkling altar of Nemelex Xobeh.
   956 | D:4      | Reached skill level 1 in Polearms
   982 | D:4      | Reached XP level 4. HP: 14/35 MP: 4/4
  1086 | D:3      | Noticed Grinder
  1087 | D:3      | XOM: potion effect (haste)
  1091 | D:3      | XOM: silly message
  1097 | D:3      | Killed Grinder
  1098 | D:3      | Reached skill level 1 in Stealth
  1098 | D:3      | Reached skill level 1 in Spellcasting
  1098 | D:3      | Reached XP level 5. HP: 30/42 MP: 4/6
  1098 | D:3      | Reached XP level 6. HP: 34/48 MP: 4/7
  1668 | D:2      | XOM: silly message
  1863 | D:2      | XOM: silly message
  2177 | D:2      | XOM: divination: detect items
  2925 | D:4      | Reached skill level 1 in Evocations
  2925 | D:4      | Reached XP level 7. HP: 41/54 MP: 8/8
  3058 | D:4      | XOM: 2-stop teleportation journey
  3217 | D:4      | XOM: summons friendly quasit
  3291 | D:4      | XOM: god gift: robe {god gift}
  3302 | D:4      | Found a stormy altar of Qazlal.
  3320 | D:4      | XOM: polymorph quasit -> red devil
  3387 | D:5      | Entered Level 5 of the Dungeon
  3675 | D:5      | Found a basalt altar of Yredelemnul.
  3676 | D:5      | Found a staircase to the Ecumenical Temple.
  3686 | D:5      | Reached XP level 8. HP: 61/61 MP: 10/10
  3834 | D:5      | XOM: scenery: summon butterflies
  3846 | D:5      | XOM: cast spell 'Summon Mana Viper'
  3873 | D:5      | HP: 1/61 [adder (3)]
  3873 | D:5      | Slain by an adder

Illustrated notes

Levels and vault maps discovered:
D:1:      elethiomel_arrival_infinity_welcomes_careful_drivers,
          layout_loops_ring
D:2:      minmay_roachtagon, layout_basic, serial_corexii_hall,
          chequers_hall_statues_wall_a, corexii_hall_statues_u
D:3:      layout_basic, roderic_nine_men_s_morris, uniq_grinder
D:4:      layout_gridville, overflow_temple_1_default,
          mainiacjoe_overflow_six_doors_small, nicolae_figureground_pulse
D:5:      layout_basic, general_overflow_altar, trog_hazing_becter,
          minmay_temple_entry_wispy, nicolae_half_adder

Skill      XL: |  1  2  3  4  5  6  7  8 |
---------------+-------------------------+-----
Dodging        | 1 2 3 |  3.1
Armour         | 2 3 |  3.7
Polearms       | 1 2 3 |  3.0
Stealth        | 1 2 |  2.0
Spellcasting   | 1 |  1.7
Fighting       | 4 |  4.7
Axes           | 4 |  4.7
Evocations     | 1 |  1.9

Action                     |  1- 3 |  4- 6 |  7- 9 || total
---------------------------+-------+-------+-------++-------
  Melee: Hand axe          |    63 |    85 |    55 ||   203
         Dagger            |    41 |       |       ||    41
         Flail             |    16 |    85 |    60 ||   161
         Spear             |     3 |       |       ||     3
  Evoke: Wand              |       |       |     1 ||     1
    Use: Scroll            |       |     2 |     2 ||     4
         Potion            |       |     1 |     4 ||     5
   Stab: Confused          |     1 |       |     2 ||     3
         Paralysed         |     1 |       |       ||     1
         Sleeping          |     1 |     5 |       ||     6
         Distracted        |     1 |       |       ||     1
 Armour: Leather armour    |    37 |    58 |    67 ||   162
  Dodge: Dodged            |    26 |    73 |    56 ||   155

Table legend: (Time is in decaauts)
 A = Elapsed time spent in this place.
 B = Non-inter-level travel time spent in this place.
 C = Inter-level travel time spent in this place.
 D = Time resting spent in this place.
 E = Time spent auto-exploring this place.
 F = Levels seen in this place.
 G = Mean time per level.
                   A        B        C        D        E       F      G
               +--------+--------+--------+--------+--------+-----+--------+
         Total |   3870 |   3758 |    112 |    261 |   2754 |   5 |  774.0 |
       Dungeon |   3870 |   3758 |    112 |    261 |   2754 |   5 |  774.0 |
               +--------+--------+--------+--------+--------+-----+--------+

Top non-repeatable levels by time:
     D:2: 1138 daAuts
     D:1: 852 daAuts
     D:3: 725 daAuts
     D:4: 679 daAuts
     D:5: 474 daAuts
